 Dungeon Crawl Stone Soup version 0.29-a0-219-g0a02b1cf4f (webtiles) character file.

Game seed: 461139376676941349

219 sammy202020 the Shield-Bearer (level 5, 47/47 HPs)
             Began as a Minotaur Fighter on Feb 26, 2022.
             Quit the game on level 3 of the Dungeon.
             The game lasted 00:11:39 (3171 turns).

sammy202020 the Shield-Bearer (Minotaur Fighter)    Turns: 3171, Time: 00:11:40

Health: 47/47      AC:  7    Str: 21    XL:     5   Next: 64%
Magic:  4/4        EV: 10    Int:  5    God:
Gold:   152        SH:  5    Dex: 11    Spells: 4/4 levels left

rFire   . . .      SeeInvis .   a - +1 flail
rCold   . . .      Faith    .   c - +0 buckler
rNeg    + . .      Spirit   .   b - +0 scale mail
rPois   .          Reflect  .   (helmet restricted)
rElec   .          Harm     .   (no cloak)
rCorr   .          Rampage  .   (no gloves)
Will    .....                   (no boots)
Stlth   ..........              (no amulet)
HPRegen 0.15/turn               j - ring of positive energy
MPRegen 0.09/turn               (no ring)

@: no status effects
A: horns 2, retaliatory headbutt, devolution 1
a: no special abilities


You were on level 3 of the Dungeon.
You visited 1 branch of the dungeon, and saw 3 of its levels.
You also visited: Sewer.

You collected 152 gold pieces.

Inventory:

Hand Weapons
 a - a +1 flail (weapon)
Armour
 b - a +0 scale mail (worn)
 c - a +0 buckler (worn)
Jewellery
 j - a ring of positive energy (left hand)
Scrolls
 l - a scroll of teleportation
Potions
 d - a potion of might
 e - 3 potions of lignification
 h - 4 potions of flight
 i - a potion of cancellation
 k - 2 potions of curing


   Skills:
 + Level 4.6 Fighting
 + Level 3.8 Maces & Flails
 + Level 4.7 Armour
 + Level 2.4 Dodging
 + Level 4.7 Shields


You had 4 spell levels left.
You didn't know any spells.
Your spell library contained the following spells:

 Spells                   Type           Power      Damage    Failure   Level
 Scorch                   Fire           0%         2d5       95%         2
 Flame Wave               Conj/Fire      0%         2d4       100%        4
 Summon Cactus Giant      Summ           0%         N/A       100%        6


Dungeon Overview and Level Annotations

Branches:
Dungeon (3/15)              Sewer (visited)

Altars:


Innate Abilities, Weirdness & Mutations

You have a pair of horns on your head.
You reflexively headbutt those who attack you in melee.
You have hidden genetic defects.


Message History

a rat corpse; a rat corpse; an adder corpse You start resting.
HP restored.
You enter the shallow water.
Moving in this stuff is going to be slow.
You enter the shallow water.
Moving in this stuff is going to be slow.
You enter the shallow water.
Moving in this stuff is going to be slow.
You enter the shallow water.
Moving in this stuff is going to be slow.
You enter the shallow water.
Moving in this stuff is going to be slow.
There is an empty arch of ancient stone here.
There is a gate leading back out of this place here.
Welcome back to the Dungeon!
The quokka bites you but does no damage. x2
There is a collapsed entrance here.
You hit the quokka.
You kill the quokka!
Found an escape hatch in the floor.
An orc comes into view. It is wielding a +0 club.
The orc shouts!
The orc barely misses you.
You closely miss the orc. The orc closely misses you.
You hit the orc. You headbutt the orc.
You kill the orc!
You hear a splash. x2
You enter the shallow water.
Moving in this stuff is going to be slow.
Things that are here:
a +0 club; a +0 leather armour; an orc corpse
i - a white potion
As you read the scroll of identify, it crumbles to dust.
f - a potion of mutation
As you read the scroll of identify, it crumbles to dust.
i - a potion of cancellation You feel extremely strange.
You feel a hidden malignance growing inside you.
Are you sure you want to abandon this character and quit the game? (Confirm with "yes".)

....≈≈.....≈≈.....#+##
......≈≈.....≈≈.........
.............≈≈≈....#.##
......≈≈...÷.≈≈.....#.#
......≈≈..≈..≈≈.....# .
......##≈≈≈≈≈##.....#
......##≈≈≈≈≈##.....#
.......[..≈.......>.#
................@...#
......÷.............#
....................#
....................#
....................#
....?...............#
....................#
....................#
..........(....


There were no monsters in sight!

Vanquished Creatures
  A merfolk siren (Sewer)
  An orc wizard (D:3)
  A merfolk avatar (Sewer)
  6 adders
  A river rat (Sewer)
  2 worms
  4 orcs (D:3)
  9 ball pythons
  8 endoplasms
  2 giant cockroaches
  3 goblins (D:1)
  3 hobgoblins
  2 jackals (D:2)
  4 kobolds
  4 quokkas
  6 bats
  4 frilled lizards
  24 rats
85 creatures vanquished.

Vanquished Creatures (others)
  A plant (D:1)
1 creature vanquished.

Grand Total: 86 creatures vanquished

Notes
Turn   | Place    | Note
-------+----------+-------------------------------------------
     0 | D:1      | sammy202020 the Minotaur Fighter began the quest for the
                  | Orb.
     0 | D:1      | Reached XP level 1. HP: 19/19 MP: 0/0
   179 | D:1      | Reached XP level 2. HP: 24/27 MP: 1/1
   230 | D:1      | Found a faded altar of an unknown god.
  1029 | D:2      | Reached skill level 1 in Dodging
  1029 | D:2      | Reached XP level 3. HP: 31/33 MP: 2/2
  2106 | D:3      | Reached XP level 4. HP: 40/40 MP: 3/3
  2186 | D:3      | Found a glowing drain.
  2208 | Sewer    | Entered a sewer
  2480 | Sewer    | Reached XP level 5. HP: 12/47 MP: 4/4
  3157 | D:3      | Gained mutation: You have hidden genetic defects. [potion
                  | of mutation]
  3171 | D:3      | Quit the game

Illustrated notes

Levels and vault maps discovered:
D:1:      minmay_arrival_glassed_features, layout_basic,
          shapermc_ecumenical_altar_mp_ritualfount, minmay_tetromino_l2
D:2:      layout_loops_corners, small_statue_intersection
D:3:      layout_basic, cheibrodos_sewer_entry_sluice

Skill      XL: |  1  2  3  4 |
---------------+-------------+-----
Dodging        | 1 2 |  2.4
Armour         | 4 |  4.7
Fighting       | 4 |  4.6
Shields        | 4 |  4.7
Maces & Flails | 3 |  3.8

Action                   |  1- 3 |  4- 6 || total
-------------------------+-------+-------++-------
Melee: Flail             |    95 |   117 ||   212
       Headbutt          |    11 |     7 ||    18
  Use: Scroll            |     5 |     4 ||     9
       Potion            |       |     1 ||     1
Armor: Scale mail        |    42 |    56 ||    98
Dodge: Dodged            |    40 |    57 ||    97
Block: Buckler           |    19 |    21 ||    40

Table legend: (Time is in decaauts)
 A = Elapsed time spent in this place.
 B = Non-inter-level travel time spent in this place.
 C = Inter-level travel time spent in this place.
 D = Time resting spent in this place.
 E = Time spent auto-exploring this place.
 F = Levels seen in this place.
 G = Mean time per level.
                   A        B        C        D        E       F      G
               +--------+--------+--------+--------+--------+-----+--------+
         Total |   3278 |   3144 |    134 |    670 |   1706 |   4 |  819.5 |
       Dungeon |   2284 |   2150 |    134 |    119 |   1621 |   3 |  761.3 |
         Sewer |    994 |    994 |      0 |    551 |     85 |   1 |  994.0 |
               +--------+--------+--------+--------+--------+-----+--------+

Top non-repeatable levels by time:
     D:2: 1053 daAuts
     D:1: 1018 daAuts
   Sewer: 994 daAuts
     D:3: 212 daAuts
